 Dungeon Crawl Stone Soup version 0.29-a0-284-gf9362112df (webtiles) character file.

Game seed: 9590852407870156961

137 NotOkHand the Skirmisher (level 5, -12/46 HPs)
             Began as a Draconian Fighter on Mar 24, 2022.
             Was a Follower of Nemelex Xobeh.
             Mangled by a red devil
             ... wielding a +0 trident
             ... summoned by the player character
              (15 damage)
             ... on level 4 of the Dungeon.
             The game lasted 00:13:28 (1540 turns).

NotOkHand the Skirmisher (Draconian Fighter)        Turns: 1540, Time: 00:13:29

Health: -12/46     AC:  6    Str: 20    XL:     5   Next: 0%
Magic:  5/5        EV: 13    Int:  8    God:    Nemelex Xobeh [*.....]
Gold:   112        SH:  5    Dex: 17    Spells: 4/4 levels left

rFire   . . .      SeeInvis .   f - +0 short sword (protect)
rCold   . . .      Faith    .   b - +0 buckler
rNeg    . . .      Spirit   .   (body armour unavailable)
rPois   .          Reflect  .   (helmet restricted)
rElec   .          Harm     .   (no cloak)
rCorr   .          Rampage  .   g - +0 pair of gloves
Will    .....                   (no boots)
Stlth   ++........              (no amulet)
HPRegen 0.15/turn               j - +6 ring of dexterity
MPRegen 0.09/turn               i - ring of flight

@: spiked, flying
A: AC +5, unfitting armour, cold-blooded
a: Renounce Religion, Draw Escape, Draw Destruction, Draw Summoning


You were on level 4 of the Dungeon.
You worshipped Nemelex Xobeh.
Nemelex Xobeh was aware of your devotion.
You visited 1 branch of the dungeon, and saw 3 of its levels.

You collected 112 gold pieces.

Inventory:

Hand Weapons
 a - a +0 war axe
 f - a +0 short sword of protection (weapon)
Armour
 b - a +0 buckler (worn)
 g - a +0 pair of gloves (worn)
Jewellery
 d - a ring of protection from fire
 i - a ring of flight (right hand)
 j - a +6 ring of dexterity (left hand)
Scrolls
 k - a scroll of fog {unknown}
 l - a scroll of fear
Potions
 c - 3 potions of might
 e - 2 potions of brilliance
 h - a potion of attraction {unknown}
 m - a potion of curing {unknown}
 n - a potion of invisibility {unknown}


   Skills:
 + Level 4.0 Fighting
 + Level 1.9 Short Blades
 + Level 2.4 Axes
 + Level 3.4 Dodging
 + Level 0.9 Stealth
 + Level 3.6 Shields


You had 4 spell levels left.
You didn't know any spells.
Your spell library contained the following spells:

 Spells                   Type           Power      Damage    Failure   Level
 Gell's Gravitas          Tloc           0%         N/A       86%         3
 Teleport Other           Tloc           0%         N/A       86%         3
 Dispersal                Tloc           0%         N/A       100%        6


Dungeon Overview and Level Annotations

Branches:
Dungeon (4/15)
 Temple: D:4-7

Altars:
Nemelex Xobeh


Innate Abilities, Weirdness & Mutations

Your plain brown scales are hard. (AC +5)
You cannot fit into any form of body armour.
You are cold-blooded and may be slowed by cold attacks.


Message History

Your weapon exudes an aura of protection.
You tail-slap the hound.
The hound is heavily wounded.
The adder misses you. The hound bites you. The gnoll misses you.
You block the adder's attack. You block the hound's attack.
You draw a card...
You have drawn the Pentagram.
The adder misses you. The hound bites you but does no damage.
You draw a card...
You have drawn the Cloud.
Clouds appear around you! The hound bites you but does no damage.
You block the adder's attack.
Your hell hound bites the red devil.
The gnoll misses you. The gnoll closely misses you. The hound bites you.
The gnoll hits you but does no damage. The red devil completely misses you.
The gnoll attacks as you move away! You block the gnoll's attack.
The adder attacks as you move away! You block the adder's attack.
The hound attacks as you move away! The hound bites you.
Your hell hound misses the red devil.
The adder closely misses you.
The gnoll closely misses your hell hound.
The red devil hits you with a +0 trident.
Barbed spikes become lodged in your body.
Your hell hound misses the red devil.
The barbs in your skin will harm you if you move.
Continue?
Okay, then.
The barbs in your skin will harm you if you move.
Continue? [Y]es or [N]o only, please.
The barbs in your skin will harm you if you move.
Continue?
The barbed spikes dig painfully into your body as you move.
* * * LOW HITPOINT WARNING * * *
Your hell hound completely misses the red devil.
The hound bites you.
* * * LOW HITPOINT WARNING * * *
The gnoll hits your hell hound with a +0 whip.
You block the red devil's attack. The hound attacks as you move away!
The hound bites you but does no damage.
The barbed spikes dig painfully into your body as you move.
* * * LOW HITPOINT WARNING * * *
Your hell hound bites the red devil.
The red devil hits you from afar with a +0 trident!
You die...
Your body disappears without a glow.

#>..# #.# #...# #.# #...#
##.##
######...#########...## .
#.....[.......##......##.
.................##.#....
#.............##.##....#.
###.#...#.#####.####.<#.
# #.§@#.# #.#...)...
#.#§§h#.# #.......##
#.#h4S#.# #.#.##[.##
#.#gg§#.# #.#.##..†.
#.§gg§§.# #.........
#.§§§#### ###.##.###
##.#...§...## # #....
#............# #.##.
....#........# ......


You could see a red devil (summoned), a hound (ally target), an adder and a
friendly hell hound (summoned).

Vanquished Creatures
  A bullfrog (D:4)
  3 adders (D:2)
  2 dart slugs
  7 endoplasms
  A giant cockroach (D:1)
  3 goblins (D:2)
  3 hobgoblins
  6 kobolds
  2 quokkas
  4 ball pythons
  4 bats
  A frilled lizard (D:1)
  4 rats
41 creatures vanquished.

Notes
Turn   | Place    | Note
-------+----------+-------------------------------------------
     0 | D:1      | NotOkHand the Draconian Fighter began the quest for the
                  | Orb.
     0 | D:1      | Reached XP level 1. HP: 19/19 MP: 1/1
    53 | D:1      | Found a sparkling altar of Nemelex Xobeh.
    59 | D:1      | Became a worshipper of Nemelex Xobeh the Trickster
   186 | D:1      | Reached XP level 2. HP: 24/26 MP: 2/2
   884 | D:2      | Reached XP level 3. HP: 33/33 MP: 3/3
  1335 | D:2      | Reached XP level 4. HP: 39/40 MP: 4/4
  1380 | D:2      | Reached * piety under Nemelex Xobeh
  1461 | D:2      | You are sucked into a shaft and drop 2 floors!
  1493 | D:4      | Noticed a bullfrog
  1494 | D:4      | Received a gift from Nemelex Xobeh
  1504 | D:4      | Killed a bullfrog
  1505 | D:4      | Reached skill level 4 in Fighting
  1505 | D:4      | Reached skill level 1 in Short Blades
  1516 | D:4      | Reached XP level 5. HP: 37/46 MP: 5/5
  1536 | D:4      | Noticed a red devil
  1540 | D:4      | Mangled by a red devil

Illustrated notes

Levels and vault maps discovered:
D:1:      dpeg_arrival_line_fractal, layout_loops_ring, minmay_statues_item,
          kennysheep_flooded_box, minmay_misc_feat_room
D:2:      layout_loops_ring, grunt_ministairs_1
D:4:      layout_loops_cross, yredelemnul_altar_generic, serial_shops,
          nicolae_square_shop

Skill      XL: |  1  2  3  4 |
---------------+-------------+-----
Dodging        | 3 |  3.4
Fighting       | 4 |  4.0
Short Blades   | 1 |  1.9
Axes           | |  2.4
Stealth        | |  0.9
Shields        | |  3.6

Action                   |  1- 3 |  4- 6 || total
-------------------------+-------+-------++-------
Melee: War axe           |    55 |       ||    55
       Tailslap          |    16 |     5 ||    21
       Short sword       |    55 |    34 ||    89
Invok: Draw Destruction  |       |     2 ||     2
       Draw Escape       |       |     1 ||     1
       Draw Summoning    |       |     1 ||     1
  Use: Scroll            |     2 |       ||     2
 Stab: Sleeping          |     2 |       ||     2
Armor: Skin              |    38 |    16 ||    54
Dodge: Dodged            |    89 |    44 ||   133
Block: Buckler           |    25 |    22 ||    47

Table legend: (Time is in decaauts)
 A = Elapsed time spent in this place.
 B = Non-inter-level travel time spent in this place.
 C = Inter-level travel time spent in this place.
 D = Time resting spent in this place.
 E = Time spent auto-exploring this place.
 F = Levels seen in this place.
 G = Mean time per level.
                   A        B        C        D        E       F      G
               +--------+--------+--------+--------+--------+-----+--------+
         Total |   1577 |    582 |    995 |      0 |      0 |   3 |  525.7 |
       Dungeon |   1577 |    582 |    995 |      0 |      0 |   3 |  525.7 |
               +--------+--------+--------+--------+--------+-----+--------+

Top non-repeatable levels by time:
     D:1: 868 daAuts
     D:2: 628 daAuts
     D:4: 80 daAuts
